Map: Lightshade LE

Players

Kas - Winner!

  • Race: Terran Terran
  • League: Grandmaster

Denver

  • Race: Zerg Zerg
  • League: Grandmaster

Event: DreamHack SC2 Masters 2021 Summer

VOD

Have the link to the VOD?

Description

Time

  • Played on: May 19, 2021, 1:50 p.m.
  • Length: 13:36

All games in this series

Show
View Real Time Build Order
Export as new Build Order

Kas Terran - Winner!

Build Orders: Reaper Expand, Hellion Banshee 

Get SALT Encoding   

  12  0:00  SCV  
  13  0:12  SCV  
  14  0:19  Supply Depot  
  14  0:24  SCV  
  15  0:41  SCV  
  15  0:42  Barracks  
  16  0:45  Refinery  
  16  0:53  SCV  
  17  1:05  SCV  
  18  1:17  SCV  
  19  1:28  Reaper  
  19  1:29  Orbital Command  
  20  1:41  Command Center  
  20  1:51  Supply Depot  
  20  1:55  SCV  
  21  2:02  Marine  
  21  2:07  SCV  
  23  2:10  Factory  
  23  2:19  Refinery, SCV  
  24  2:23  Barracks Reactor  
  24  2:34  SCV  
  25  2:46  SCV  
  26  2:55  Orbital Command  
  26  2:56  Starport  
  30  3:05  Hellion  
  30  3:06  Hellion  
  30  3:07  Barracks Tech Lab, SCV  
  31  3:19  SCV  
  32  3:22  SCV  
  32  3:26  Command Center  
  33  3:33  SCV  
  34  3:36  SCV  
  35  3:45  SCV  
  35  3:47  Banshee, Cloaking Field  
  35  3:48  SCV, Hellion  
  41  3:53  Hellion  
  43  3:57  SCV  
  43  4:00  Supply Depot  
  44  4:03  SCV  
  44  4:05  Barracks Tech Lab  
  44  4:09  SCV  
  46  4:22  SCV x2, Hellion x2  
  46  4:23  Supply Depot  
  52  4:25  Supply Depot  
  52  4:34  SCV x2  
  52  4:37  Banshee  
  57  4:38  Orbital Command  
  57  4:39  Marine, Stimpack  
  58  4:46  SCV x2  
  60  4:54  Barracks  
  60  4:58  SCV  
  61  5:00  Barracks, Factory Reactor  
  61  5:01  Orbital Command  
  61  5:02  SCV, Marine  
  63  5:09  Engineering Bay  
  63  5:10  SCV, Engineering Bay  
  64  5:14  SCV  
  64  5:20  Marine  
  64  5:21  Refinery  
  66  5:22  Refinery, SCV  
  66  5:26  SCV  
  66  5:28  SCV  
  69  5:29  Starport Reactor  
  69  5:34  SCV  
  70  5:38  SCV, Marine  
  70  5:40  SCV  
  70  5:42  Terran Infantry Armor Level 1, Terran Infantry Weapons Level 1  
  73  5:45  Supply Depot  
  73  5:46  SCV  
  73  5:47  Supply Depot  
  74  5:50  SCV  
  74  5:51  Marine  
  74  5:53  SCV  
  74  5:55  Siege Tank  
  74  5:56  Marine  
  81  5:58  Marine  
  81  5:59  Marine x2  
  81  6:01  SCV  
  82  6:05  SCV, Barracks x2  
  82  6:08  Bunker, Marine, Medivac x2  
  88  6:14  Marine  
  88  6:15  Marine  
  88  6:16  SCV x2  
  88  6:17  Marine x2  
  94  6:21  Combat Shield  
  94  6:24  SCV  
  95  6:26  Marine  
  95  6:27  Siege Tank  
  95  6:32  Marine  
  100  6:33  Marine  
  100  6:35  Marine x2  
  100  6:39  SCV  
  93  6:40  SCV  
  93  6:44  SCV, Marine, Supply Depot x3  
  95  6:49  Marine  
  95  6:50  Armory  
  95  6:51  Marine  
  95  6:52  SCV x2  
  95  6:53  Marine x2  
  101  6:55  Barracks Reactor x2  
  101  7:05  SCV x2, Marine, Medivac, Siege Tank  
  101  7:06  SCV  
  101  7:07  Marine  
  111  7:09  Marine  
  111  7:10  Marine  
  111  7:11  Marine  
  111  7:14  Supply Depot  
  114  7:18  Barracks  
  114  7:20  Barracks  
  114  7:23  Marine  
  114  7:25  Marine  
  114  7:27  Marine  
  114  7:28  Marine x2  
  114  7:29  Medivac  
  121  7:31  Marine x3  
  121  7:35  Marine  
  125  7:41  Terran Infantry Weapons Level 2, Marine, Supply Depot  
  125  7:42  Supply Depot  
  125  7:43  Marine, Supply Depot  
  127  7:44  Terran Infantry Armor Level 2, Marine, Supply Depot  
  127  7:46  Marine x2  
  127  7:49  Marine x3  
  130  7:53  Marine  
  124  7:58  Marine  
  124  8:02  Marine x2  
  124  8:03  Siege Tank  
  124  8:04  Marine x3  
  133  8:07  Marine x4  
  133  8:10  Marine  
  138  8:16  Marine  
  136  8:20  Marine x2  
  136  8:22  Marine x3  
  136  8:25  Marine x3  
  132  8:28  Marine  
  132  8:30  Marine  
  120  8:34  Marine  
  120  8:38  Marine x2  
  120  8:40  Marine x3  
  120  8:42  Marine x2  
  120  8:43  Marine  
  120  8:45  Marine  
  120  8:48  Marine  
  124  8:52  Marine  
  121  8:56  Marine x2  
  121  8:57  Marine x2  
  121  8:58  Marine  
  121  9:00  Marine x3  
  121  9:02  Medivac x2, Siege Tank  
  126  9:03  Marine  
  126  9:05  Supply Depot x2  
  126  9:06  Marine, Supply Depot  
  130  9:10  Marine  
  130  9:26  Marine x5  
  130  9:28  Marine x2  
  130  9:30  Marine x2  
  134  9:31  Marine  
  134  9:32  Marine  
  132  9:44  Marine  
  130  9:46  Marine x5  
  130  9:51  Command Center  
  134  9:56  Supply Depot  
  134  9:57  Supply Depot  
  134  9:59  Supply Depot  
  134  10:00  Marine x5, Siege Tank  
  142  10:07  Marine x6  
  145  10:18  Marine x5  
  145  10:19  Terran Infantry Weapons Level 3  
  149  10:22  Terran Infantry Armor Level 3  
  127  10:44  Marine x8  
  127  10:46  Marine x3  
  138  10:59  Medivac  
  138  11:02  Marine x5, Siege Tank  
  141  11:20  Orbital Command  
  141  11:25  Marine  
  142  11:26  Marine x10  
  146  11:37  Siege Tank  
  149  11:42  Marine  
  149  11:43  Marine  
  149  11:44  Marine x6  
  152  12:03  Marine x2  
  144  12:19  Marine x2  
  123  12:25  Marine x9  
  123  12:26  Siege Tank  
  134  12:36  Marine  
  134  12:37  Marine  
  133  12:43  Marine x9  
  143  12:46  Medivac x2  
  147  12:54  Marine x2  
  147  12:58  Siege Tank  
  152  13:00  Marine  
  152  13:01  Marine x7  
  155  13:05  Factory  
  155  13:06  Marine  
  155  13:08  Command Center  
  155  13:12  Marine x2  
Show
View Real Time Build Order
Export as new Build Order

Denver Zerg 

Build Orders: Hatch First 

Get SALT Encoding   

  12  0:00  Drone  
  13  0:12  Overlord  
  13  0:16  Drone  
  14  0:30  Drone  
  14  0:31  Drone  
  16  0:47  Hatchery  
  15  0:51  Drone  
  15  0:54  Drone  
  17  0:58  Drone  
  18  1:08  Extractor  
  17  1:13  Spawning Pool  
  17  1:17  Drone  
  17  1:20  Drone  
  18  1:27  Drone  
  19  1:38  Drone  
  20  1:49  Overlord  
  20  2:01  Queen x2  
  20  2:02  Zergling x4  
  26  2:09  Metabolic Boost  
  26  2:11  Drone x2  
  28  2:21  Drone x2  
  30  2:34  Drone x2  
  31  2:41  Hatchery  
  31  2:43  Drone  
  31  2:48  Overlord  
  31  2:55  Queen  
  33  3:00  Drone x2  
  35  3:06  Drone x2  
  35  3:08  Drone x2  
  35  3:12  Drone  
  40  3:17  Queen  
  42  3:22  Overlord  
  42  3:26  Drone x2  
  44  3:31  Overlord  
  44  3:40  Overlord  
  44  3:44  Drone x2  
  44  3:45  Drone x2  
  47  3:49  Drone, Queen  
  50  3:56  Roach Warren  
  50  3:59  Zergling x6  
  52  4:04  Drone x2  
  52  4:05  Drone x2  
  52  4:08  Drone  
  57  4:15  Lair  
  57  4:17  Drone x3  
  59  4:21  Drone  
  61  4:24  Drone  
  61  4:25  Extractor  
  61  4:27  Drone x4  
  61  4:30  Queen  
  67  4:34  Spore Crawler  
  67  4:35  Drone  
  67  4:36  Drone  
  67  4:39  Drone x2  
  67  4:41  Overlord  
  67  4:45  Spore Crawler  
  68  4:47  Zergling x2  
  68  4:48  Zergling x4  
  68  4:50  Spore Crawler  
  70  4:55  Overlord  
  70  4:56  Drone x3  
  70  4:59  Extractor  
  72  5:00  Drone x2  
  72  5:01  Drone  
  72  5:04  Extractor  
  74  5:07  Queen  
  74  5:09  Overlord  
  74  5:10  Drone x2  
  74  5:11  Drone  
  74  5:14  Drone x2  
  80  5:15  Overseer  
  80  5:19  Drone x3  
  83  5:25  Glial Reconstitution  
  83  5:27  Drone, Evolution Chamber  
  83  5:28  Drone x2, Evolution Chamber  
  83  5:32  Drone x2  
  83  5:35  Extractor x2, Overlord  
  85  5:38  Roach  
  85  5:40  Roach x2  
  90  5:44  Overseer  
  90  5:45  Drone x3  
  90  5:46  Drone  
  90  5:48  Drone  
  90  5:57  Drone x3  
  90  6:01  Zerg Missile Weapons Level 1  
  90  6:02  Zerg Ground Armor Level 1  
  92  6:11  Drone x2  
  92  6:16  Overlord  
  96  6:18  Roach x4  
  96  6:21  Hatchery, Overlord  
  101  6:27  Overlord  
  101  6:31  Overlord  
  100  6:37  Roach x7  
  107  6:43  Drone x4  
  111  6:51  Roach x3  
  117  6:57  Overlord  
  117  7:00  Roach x3  
  123  7:01  Roach  
  123  7:02  Roach  
  127  7:08  Overlord  
  127  7:09  Overlord  
  127  7:13  Roach  
  127  7:14  Roach x3  
  135  7:20  Roach x3  
  135  7:22  Overlord  
  140  7:23  Ravager x7  
  140  7:24  Ravager  
  140  7:28  Roach  
  140  7:29  Roach x3  
  152  7:33  Roach x2  
  156  7:40  Roach x4  
  164  7:45  Overlord  
  164  7:49  Roach x4  
  164  7:50  Roach  
  170  7:58  Roach x4  
  170  8:03  Roach  
  170  8:04  Roach x3  
  170  8:05  Ravager  
  183  8:15  Overlord  
  183  8:16  Overlord  
  148  8:28  Roach x8  
  148  8:29  Roach x4  
  148  8:33  Roach x3  
  156  8:40  Ravager x3  
  151  8:42  Ravager x2  
  151  8:43  Zergling x10  
  147  8:50  Roach x5  
  147  8:53  Overseer  
  153  8:57  Roach x4  
  153  9:00  Overlord  
  149  9:04  Roach x3  
  155  9:10  Roach x3  
  155  9:15  Ravager  
  161  9:20  Roach x4  
  166  9:29  Roach x2  
  166  9:30  Roach x3  
  138  9:33  Roach  
  138  9:34  Roach x2  
  138  9:38  Roach x2  
  128  9:42  Roach x2  
  127  9:46  Roach x3  
  127  9:51  Ravager x3  
  127  9:55  Roach x3  
  127  9:56  Queen  
  135  10:01  Drone x5  
  140  10:08  Ravager, Roach x2  
  140  10:12  Roach x4  
  153  10:17  Ravager  
  153  10:20  Roach x4  
  162  10:27  Roach x2  
  166  10:34  Roach x3  
  158  10:38  Roach  
  160  10:43  Roach x2  
  160  10:45  Queen  
  166  10:51  Hatchery  
  166  10:53  Zerg Ground Armor Level 2  
  166  10:55  Roach  
  166  10:56  Roach  
  169  10:58  Extractor  
  169  11:01  Extractor, Roach  
  169  11:02  Roach x2  
  173  11:05  Overlord  
  173  11:08  Ravager  
  174  11:12  Overlord  
  172  11:19  Roach x2, Baneling Nest  
  172  11:21  Roach  
  172  11:24  Queen  
  154  11:33  Roach x3  
  154  11:34  Zerg Melee Weapons Level 1  
  154  11:35  Queen  
  160  11:41  Roach x2  
  160  11:42  Ravager x2  
  160  11:46  Overseer  
  166  11:52  Roach  
  166  11:53  Roach x3  
  164  12:03  Roach x3  
  164  12:06  Hatchery, Centrifical Hooks  
  151  12:20  Roach x4  
  137  12:31  Zergling x8  
  137  12:32  Zergling x2  
  138  12:42  Ravager  
  138  12:43  Ravager x2  
  138  12:44  Zergling x6  
  142  12:54  Zergling x10  
  144  13:03  Zergling x8  
  132  13:14  Roach x4  
  132  13:18  Baneling x2  
  132  13:19  Baneling x5  
Tags
 
Add a new tag
Caveats
  • Supply blocks, unpowered buildings, or Contaminate may cause inaccurate times.
  • Supply counts are checked every 10 seconds.